 Dungeon Crawl Stone Soup version 0.26.1 (webtiles) character file.

Game seed: 5420701268824853409

54 Gadfly the Cudgeller (level 3, -2/36 HPs)
             Began as an Ogre Gladiator on Feb 7, 2021.
             Slain by an adder (5 damage)
             ... on level 1 of the Dungeon.
             The game lasted 00:02:07 (1507 turns).

Gadfly the Cudgeller (Ogre Gladiator)               Turns: 1507, Time: 00:02:08

Health: -2/36      AC:  3    Str: 19    XL:     3   Next: 91%
Magic:  4/4        EV: 10    Int:  9    God:
Gold:   91         SH:  0    Dex: 10    Spells: 2/2 levels left

rFire    . . .     SeeInvis .   a - +0 flail
rCold    . . .     Faith    .   (no shield)
rNeg     . . .     Spirit   .   b - +0 robe
rPois    .         Reflect  .   c - +0 hat
rElec    .         Harm     .   (no cloak)
rCorr    .         Rampage  .   (gloves unavailable)
Will     .....                  (boots unavailable)
Stlth    +.........             j - amulet of the acrobat
HPRegen  0.12/turn              (no ring)
MPRegen  0.09/turn              (no ring)

@: lethally poisoned (-2 -> -7)
A: large, unfitting armour, tough skin 1
a: no special abilities


You were on level 1 of the Dungeon.
You visited 1 branch of the dungeon, and saw 2 of its levels.

You collected 91 gold pieces.

Inventory:

Hand Weapons
 a - a +0 flail (weapon)
Missiles
 d - 3 throwing nets
 g - 49 stones (quivered)
Armour
 b - a +0 robe (worn)
 c - a +0 hat (worn)
Jewellery
 j - an amulet of the acrobat (around neck)
 l - an uncursed amulet of reflection
Scrolls
 i - 2 scrolls of teleportation
Potions
 e - a potion of haste


   Skills:
 - Level 2.6 Fighting
 + Level 2.9 Maces & Flails
 + Level 2.3 Throwing
 * Level 1.1 Armour
 - Level 2.6 Dodging
 * Level 1.6 Invocations
 * Level 1.1 Evocations


You had 2 spell levels left.
You didn't know any spells.
Your spell library was empty.

Dungeon Overview and Level Annotations

Branches:
Dungeon (2/15)

Altars:


Innate Abilities, Weirdness & Mutations

You are too large for most types of armour.
You have tough skin. (AC +1)


Message History

Okay, then.
The adder bites you.
* * * LOW HITPOINT WARNING * * *
You are lethally poisoned!
The adder poisons you!
* * * LOW HITPOINT WARNING * * *
You feel sick. The adder barely misses you.
* * * LOW HITPOINT WARNING * * *
You feel sick.
* * * LOW HITPOINT WARNING * * *
You feel sick.
You closely miss the adder.
* * * LOW HITPOINT WARNING * * *
You feel sick. The adder bites you but does no damage.
The adder barely misses you.
You closely miss the adder.
* * * LOW HITPOINT WARNING * * *
You feel sick. The adder barely misses you. The adder misses you.
You closely miss the adder. The adder bites you.
You die...

#.##≈# #....####.##.#####.###.##
##.##≈# #..#.#(#...#.##....# #...
...##≈###..##.#.##.#.##.##.###.##
..#..≈.....#.#.#.#.#.##.##..)..#
.....≈.!...##.#)##.#.##.####.###
..#..≈.##....#)#.#.#....## #.####
.##.#≈#####.####[........###.....
)...#≈#..##......#........#######
..#.####........@SK(.............
..#.# #######..###.......######.
..#.# ###...##......## #. ..#.#
#...#.##.>...### #.
..#.########...#.#####....# #.
..#............#######....# #.
†.##########...####......## #.
..##########......###.≈≈.# #.
...........#....#...#.≈≈.# #.


You could see an adder and a kobold.

Vanquished Creatures
  An adder (D:2)
  An ooze (D:2)
  A worm (D:2)
  3 dart slugs
  2 goblins
  5 hobgoblins (D:1)
  4 jackals (D:1)
  2 kobolds (D:1)
  A quokka (D:2)
  A ball python (D:1)
  4 bats
  A frilled lizard (D:1)
  6 rats
32 creatures vanquished.

Notes
Turn   | Place    | Note
-------+----------+-------------------------------------------
     0 | D:1      | Gadfly the Ogre Gladiator began the quest for the Orb.
     0 | D:1      | Reached XP level 1. HP: 22/22 MP: 1/1
   333 | D:1      | Reached XP level 2. HP: 27/29 MP: 2/2
   533 | D:1      | Reached skill level 1 in Invocations
   635 | D:1      | Reached XP level 3. HP: 24/36 MP: 3/3
  1300 | D:2      | Reached skill level 1 in Armour
  1300 | D:2      | Reached skill level 1 in Evocations
  1507 | D:1      | Slain by an adder

Illustrated notes

Levels and vault maps discovered:
D:1:      amcnicky_arrival_double_pillar, layout_loops_ring, serial_rivers,
          chequers_serial_rivers_micro_a, chequers_serial_rivers_small_a,
          chequers_serial_rivers_large_a, chequers_serial_rivers_micro_a,
          minmay_hexomino_f4
D:2:      layout_rooms, gammafunk_temple_overflow_claw, uniq_crazy_yiuf_cottage,
          uniq_natasha

Skill      XL: |  1  2  3 |
---------------+----------+-----
Invocations    | 1 |  1.6
Armour         | 1 |  1.1
Evocations     | 1 |  1.1
Fighting       | |  2.6
Maces & Flails | |  2.9
Throwing       | |  2.3
Dodging        | |  2.6

Action                   || total
-------------------------++-------
Melee: Flail             ||   100
  Use: Scroll            ||     5
Armor: Robe              ||    30
Dodge: Dodged            ||    65
